 Dungeon Crawl Stone Soup version 0.30.1-3-gfc49f6343a (webtiles) character file.

Game seed: 13271211797976865156

805 wingedge the Chopper (level 7, -3/88 HPs)
             Began as a Demigod Wanderer on Aug 4, 2023.
             Killed from afar by Dowan (20 damage)
             ... with a shard of ice
             ... on level 4 of the Dungeon.
             The game lasted 00:13:43 (3418 turns).

wingedge the Chopper (Demigod Wanderer)             Turns: 3418, Time: 00:13:44

Health: -3/88      AC: 23    Str: 18    XL:     7   Next: 33%
Magic:  9/9        EV:  2    Int: 18    God:
Gold:   208        SH:  0    Dex: 12    Spells: 6/6 levels left

rFire   . . .        a - +0 hand axe (elec)
rCold   . . .        (no shield)
rNeg    . . .        i - melded +0 chain mail
rPois   +            (helmet currently unavailable)
rElec   .            (cloak currently unavailable)
rCorr   .            q - melded +1 pair of gloves
SInv    .            s - melded +1 pair of boots
Will    .....        (no amulet)
Stlth   +            (no ring)
HPRegen 0.34/turn    (no ring)
MPRegen 0.11/turn

%: no passive effects
@: tree-form
A: stationary, stasis, torment immunity, boosted hp, high MP 1, forlorn, divine
attributes
a: no special abilities


You were on level 4 of the Dungeon.
You were a tree.
You visited 1 branch of the dungeon, and saw 5 of its levels.

You collected 208 gold pieces.

Inventory:

Hand Weapons
 a - a +0 hand axe of electrocution (weapon)
 b - a +0 sling
 c - a +1 heavy war axe
Missiles
 A - 2 poisoned darts (quivered)
Armour
 e - a +0 robe
 h - a +0 leather armour
 i - a +0 chain mail (melded)
 j - a +0 ring mail
 n - a +0 scale mail
 q - a +1 pair of gloves (melded)
 s - a +1 pair of boots (melded)
Scrolls
 d - a scroll of noise {unknown}
 f - a scroll of silence {unknown}
 l - a scroll of fear {unknown}
 m - a scroll of blinking
 o - a scroll of vulnerability {unknown}
 p - a scroll of enchant weapon {unknown}
 r - 3 scrolls of fog
 v - a scroll of identify {unknown}
 w - a scroll of teleportation {unknown}
 y - a scroll of amnesia {unknown}
Potions
 g - a potion of brilliance {unknown}
 t - a potion of lignification
 u - a potion of ambrosia {unknown}
 x - a potion of curing {unknown}


   Skills:
 - Level 4.0 Fighting
 - Level 3.6 Short Blades
 + Level 6.5 Axes
 - Level 1.0 Throwing
 - Level 3.0 Armour
 - Level 1.0 Unarmed Combat


You had 6 spell levels left.
You didn't know any spells.
Your spell library was empty.

Dungeon Overview and Level Annotations

Branches:
Dungeon (5/15)             Temple (0/1) D:4

Annotations:
D:4 Dowan
D:5 Sigmund


Innate Abilities, Weirdness & Mutations

You are a tree.
Your roots penetrate the ground, keeping you stationary.
You cannot be teleported.
You are immune to unholy pain and torment.
Your maximum health is greatly increased.
Your equipment is partially melded.
You have an increased reservoir of magic. (+10% MP)
You shall have no god before yourself.
Your divine heritage dramatically boosts your attributes as you level up.


Message History

Dowan is lightly wounded.
Dowan hits you but does no damage.
Dowan hits you with a +5 dagger of holy wrath.
* * * LOW HITPOINT WARNING * * *
You completely miss Dowan.
Dowan is lightly wounded.
Dowan hits you with a +5 dagger of holy wrath.
* * * LOW HITPOINT WARNING * * *
You hit Dowan but do no damage.
Dowan is lightly wounded.
Dowan says, "Magic will overcome all!"
Dowan points at you and mumbles some strange words.
The shard of ice hits you but does no damage.
Dowan hits you but does no damage.
You hit Dowan but do no damage. Lightning courses through Dowan!
Dowan is moderately wounded.
Dowan hits you but does no damage.
You miss Dowan.
Dowan is moderately wounded.
Dowan zaps a wand.
The roots erupt in riotous growth!
The grasping roots grab you!
Dowan is unaffected.
The grasping roots constrict you.
You barely miss Dowan.
Dowan is moderately wounded.
Dowan points at you and mumbles some strange words.
The shard of ice hits you but does no damage.
The grasping roots constrict you.
Dowan says, "Magic will overcome all!"
Dowan hits you but does no damage. The grasping roots constrict you.
You miss Dowan.
Dowan is moderately wounded.
Dowan hits you but does no damage. The grasping roots constrict you.
* * * LOW HITPOINT WARNING * * *
The grasping roots release their grip on you.
You barely miss Dowan.
Dowan is moderately wounded.
Dowan hits you but does no damage.
Dowan points at you and mumbles some strange words.
The shard of ice hits you!!
You die...

######### ####.......##
##....#####..# #≈~.P♣♣♣P.~~.#
######~~P..P..P~~.#
#..e##...♣♣.♣♣P..##
#.♣.##..♣♣P..♣♣.P#
####...<.♣.♣P...P♣.♣#
############...<#...♣...._...P♣
.............##.#...♣.♣P...P♣.♣#
###############[......♣♣..P♣♣.P#
##### ##.........P♣♣.♣♣PP.#
#...# #........~~P..P...~≈#
#...#######..#.#...~~.P♣♣♣P.≈≈#
#.................####.# ######


You could see Dowan (fast).

Vanquished Creatures
  Duvessa (D:5)
  A black bear (D:5)
  2 ogres
  Blork the orc (D:5)
  A scorpion (D:5)
  4 hounds
  A sleepcap (D:4)
  An orc wizard (D:5)
  3 adders
  A white imp (D:5)
  An ufetubus (D:5)
  4 worms
  3 dart slugs
  11 orcs
  5 ball pythons
  6 endoplasms
  4 giant cockroaches
  4 goblins
  9 hobgoblins
  8 jackals (D:2)
  3 bats
  4 frilled lizards
  4 kobolds
  2 rats
84 creatures vanquished.

Vanquished Creatures (others)
  A butterfly (D:4)
1 creature vanquished.

Grand Total: 85 creatures vanquished

Notes
Turn   | Place    | Note
-------+----------+-------------------------------------------
     0 | D:1      | wingedge the Demigod Wanderer began the quest for the Orb.
     0 | D:1      | wingedge set off with the following items: a +2 short
                  | sword, 2 scrolls of fog, a +0 scale mail.
     0 | D:1      | Reached XP level 1. HP: 17/17 MP: 3/3
   252 | D:1      | Reached XP level 2. HP: 24/24 MP: 4/4
   279 | D:1      | Reached skill level 1 in Axes
   854 | D:2      | Reached skill level 2 in Axes
   916 | D:2      | Reached XP level 3. HP: 28/29 MP: 5/5
  1739 | D:3      | Reached skill level 3 in Axes
  2181 | D:4      | Found a staircase to the Ecumenical Temple.
  2223 | D:4      | Reached XP level 4. HP: 36/36 MP: 6/6
  2544 | D:4      | Reached skill level 4 in Axes
  2574 | D:4      | Noticed an ogre
  2732 | D:5      | Entered Level 5 of the Dungeon
  2732 | D:5      | Noticed Duvessa
  2733 | D:5      | Noticed Dowan
  2789 | D:5      | Noticed a black bear
  2802 | D:5      | Killed a black bear
  2803 | D:5      | Reached XP level 5. HP: 12/41 MP: 7/7
  2812 | D:5      | Reached skill level 5 in Axes
  2997 | D:4      | Killed an ogre
  2998 | D:4      | Reached XP level 6. HP: 44/51 MP: 8/8
  3153 | D:5      | Reached skill level 1 in Throwing
  3247 | D:5      | Reached skill level 6 in Axes
  3264 | D:5      | Noticed Sigmund
  3366 | D:5      | Reached XP level 7. HP: 53/58 MP: 9/9
  3378 | D:5      | Noticed Blork the orc
  3389 | D:5      | Killed Blork the orc
  3401 | D:5      | Killed Duvessa
  3418 | D:4      | Killed from afar by Dowan

Illustrated notes

Levels and vault maps discovered:
D:1:      wander_arrival_desolate, layout_loops_ring, patterned_corridor
D:2:      layout_basic
D:3:      layout_basic, kennysheep_crisscross
D:4:      layout_rooms, nicolae_elyvilon_peaceful_grove,
          minmay_temple_entry_gardened_gates
D:5:      layout_rooms, mainiacjoe_overflow_cross_hatched,
          lemuel_coloured_pillars_altar, nicolae_shop_clearance,
          uniq_blork_the_orc, uniq_sigmund, uniq_menkaure, uniq_duvessa

Skill      XL: |  1  2  3  4  5  6  7 |
---------------+----------------------+-----
Fighting       | 2 3 4 |  4.0
Armour         | 3 |  3.0
Axes           | 2 3 4 5 6 |  6.5
Throwing       | 1 |  1.0
Short Blades   | |  3.6
Unarmed Combat | |  1.0

Action                     |  1- 3 |  4- 6 |  7- 9 || total
---------------------------+-------+-------+-------++-------
  Melee: Hand axe          |   159 |   120 |    24 ||   303
         Short sword       |     6 |       |       ||     6
         Punch             |     1 |     2 |       ||     3
   Fire: Sling             |     6 |       |       ||     6
  Throw: Dart              |       |     9 |     1 ||    10
         Boomerang         |       |     5 |       ||     5
    Use: Scroll            |       |     2 |     1 ||     3
         Potion            |       |       |     1 ||     1
 Armour: Scale mail        |    72 |    62 |       ||   134
         Chain mail        |       |    29 |     7 ||    36
         Skin              |       |       |     9 ||     9
  Dodge: Dodged            |    96 |    61 |     4 ||   161
